 Dungeon Crawl Stone Soup version 0.19.5 (webtiles) character file.

6488 Jerry the Carver (level 10, -4/91 HPs)
             Began as a Minotaur Fighter on Apr 2, 2017.
             Was a High Priest of Okawaru.
             Slain by an orc warrior
             ... wielding a cursed -1 glaive
              (12 damage)
             ... in a bailey.
             The game lasted 00:24:44 (8254 turns).

Jerry the Carver (Minotaur Fighter)                 Turns: 8254, Time: 00:24:44

Health: -4/91      AC: 13    Str: 26    XL:     10   Next: 68%
Magic:  11/11      EV: 10    Int:  7    God:    Okawaru [*****.]
Gold:   492        SH:  0    Dex: 16    Spells: 2 memorised, 4 levels left

rFire  . . .     SeeInvis .     C - +2 falchion (flame)
rCold  . . .     Gourm    +     b - +0 scale mail
rNeg   . . .     Faith    .     (no shield)
rPois  .         Spirit   .     (helmet restricted)
rElec  .         Reflect  .     y - +1 cloak
rCorr  .         Harm     .     (no gloves)
MR     .....                    A - +1 pair of boots
Stlth  ..........               w - amulet of the gourmand
                                v - +5 ring of dexterity
                                o - ring of wizardry

@: mighty, very slightly contaminated
A: retaliatory headbutt, horns 2
a: Heroism, Finesse, Renounce Religion


You were in a bailey.
You worshipped Okawaru.
Okawaru was extremely pleased with you.
You were very full.

You visited 1 branch of the dungeon, and saw 9 of its levels.
You also visited: Bailey.

You collected 492 gold pieces.

Inventory:

Hand Weapons
 a - a +1 long sword
 u - a cursed +4 dagger
 C - a +2 falchion of flaming (weapon)
Missiles
 k - 4 steel javelins (quivered)
Armour
 b - a +0 scale mail (worn)
 c - a +0 shield
 y - a +1 cloak (worn)
 A - a +1 pair of boots (worn)
Jewellery
 o - a ring of wizardry (left hand)
 v - a +5 ring of dexterity (right hand)
 w - an amulet of the gourmand (around neck)
Wands
 m - a wand of polymorph (4/24)
Scrolls
 i - 6 scrolls of remove curse
 j - 4 scrolls of enchant armour
 q - a scroll of immolation
 r - 3 scrolls of amnesia
 B - a scroll of teleportation
Potions
 e - a potion of beneficial mutation {unknown}
 g - 3 potions of heal wounds
 h - 3 potions of curing
 p - a potion of flight
 s - a potion of haste {unknown}
 t - 2 potions of brilliance
 E - a potion of resistance {unknown}
 H - a potion of ambrosia
Comestibles
 f - 8 bread rations
 l - a beef jerky
 n - 7 meat rations
 x - 16 fruits
 z - a royal jelly
 D - 6 slices of pizza


   Skills:
 + Level 9.3 Fighting
 * Level 12.3 Long Blades
 + Level 9.4 Armour
 - Level 0.9 Dodging
 - Level 3.6 Shields
 + Level 3.0 Charms
 + Level 3.1 Necromancy
 - Level 3.0 Invocations


You had 4 spell levels left.
You knew the following spells:

 Your Spells              Type           Power        Failure   Level  Hunger
a - Regeneration          Chrm/Necr      #.........   45%         3    ####...
b - Shroud of Golubria    Chrm/Tloc      #.........   43%         2    ###....


Dungeon Overview and Level Annotations

Branches:
Dungeon (9/15)             Temple (0/1) D:7
   Lair: D:8-11         Orc: D:9-12

Altars:
Cheibriados
Dithmenos
Okawaru
Qazlal
Ru
Sif Muna
Uskayaw
Vehumet
Yredelemnul
Zin
The Shining One

Shops:
D:5 %

Annotations:
Bailey Jerry's ghost, novice MiFi


Innate Abilities, Weirdness & Mutations

You reflexively headbutt those who attack you in melee.
You have a pair of horns on your head.


Message History

There is an open door here.
There is an open door, spattered with blood here.
Items here: ))))))))))))))))) [[[[[ ÷÷÷÷÷÷ †††††
Things that are here:
a war axe; a trident; an orc corpse You feel much better.
Jerry's ghost hits you but does no damage.
The orc warrior closely misses you.
You feel very mighty all of a sudden. Jerry's ghost hits you.
The orc warrior hits you with a glaive!
* * * LOW HITPOINT WARNING * * *
Jerry's ghost hits you!
* * * LOW HITPOINT WARNING * * *
The orc warrior hits you from afar with a glaive!
* * * LOW HITPOINT WARNING * * *
You closely miss the orc warrior. You headbutt the orc warrior.
The orc warrior is moderately wounded.
Jerry's ghost closely misses you. The orc warrior hits you with a glaive!
You die...

####### ############
####.....## ##........∩.##
..#.......######............#
..'.......#....#@...........#
).).......'...ooW......))..∩#
..'.......#....#.......)....#
..#.......######.......)....#
####.....## ##........∩.##
####### ############


You could see 2 orc warriors and Jerry's ghost.

Vanquished Creatures
  A hydra (D:8)
  Joseph (D:8)
  Prince Ribbit (D:6)
  A two-headed ogre (D:7)
  2 dream sheep (D:8)
  2 yaks (D:8)
  Menkaure (D:6)
  Edmund (D:6)
  An ice beast (D:8)
  11 orc warriors (Bailey)
  2 sky beasts (D:7)
  2 black bears
  3 phantoms
  3 ogres
  3 big kobolds (D:8)
  5 bullfrogs
  9 scorpions
  3 wights (D:7)
  2 crimson imps
  A bullfrog zombie (D:4)
  A centaur zombie (D:6)
  Crazy Yiuf (D:6)
  A jelly (D:6)
  A centaur skeleton (D:4)
  5 orc priests
  A bullfrog skeleton (D:7)
  5 hounds
  5 orc wizards
  An iguana (D:8)
  2 worker ants
  A killer bee zombie (D:7)
  A hound zombie (D:4)
  2 worker ant zombies
  3 gnolls (D:3)
  2 howler monkey skeletons (D:4)
  10 adders
  A shadow imp (D:5)
  An ooze (D:1)
  An adder skeleton (D:5)
  2 adder zombies (D:4)
  5 worms
  5 dart slugs
  4 leopard geckos
  53 orcs
  7 giant cockroaches
  6 goblins
  4 hobgoblins
  5 kobolds (D:1)
  6 quokkas
  A ball python (D:3)
  A ball python skeleton (D:4)
  7 bats
  3 frilled lizards
  A jackal skeleton (D:4)
  A quokka skeleton (D:5)
  4 rats
215 creatures vanquished.

Notes
Turn   | Place    | Note
-------+----------+-------------------------------------------
     0 | D:1      | Jerry the Minotaur Fighter began the quest for the Orb.
     0 | D:1      | Reached XP level 1. HP: 19/19 MP: 0/0
    66 | D:1      | Reached XP level 2. HP: 23/27 MP: 1/1
   270 | D:1      | Reached skill level 3 in Long Blades
   377 | D:1      | Found an iron altar of Okawaru.
   389 | D:1      | Became a worshipper of Warmaster Okawaru
   495 | D:1      | Reached XP level 3. HP: 28/33 MP: 2/2
   886 | D:2      | Found a stormy altar of Qazlal.
   888 | D:2      | Noticed an air elemental
   889 | D:2      | Noticed a water elemental
   889 | D:2      | Noticed a fire elemental
   889 | D:2      | Noticed an earth elemental
  1380 | D:2      | Reached skill level 1 in Invocations
  1465 | D:3      | Found a shadowy altar of Dithmenos.
  1536 | D:3      | Reached XP level 4. HP: 37/40 MP: 3/3
  1908 | D:4      | Reached skill level 4 in Long Blades
  1915 | D:4      | Reached XP level 5. HP: 42/47 MP: 3/5
  2110 | D:4      | Found a glowing golden altar of the Shining One.
  2110 | D:4      | Found a snail-covered altar of Cheibriados.
  2233 | D:4      | Reached * piety under Okawaru
  2233 | D:4      | Reached skill level 5 in Long Blades
  2347 | D:4      | Reached XP level 6. HP: 33/55 MP: 6/6
  2542 | D:4      | Reached skill level 5 in Fighting
  2685 | D:3      | Reached skill level 5 in Armour
  3065 | D:4      | Found a radiant altar of Vehumet.
  3184 | D:5      | Entered Level 5 of the Dungeon
  3267 | D:5      | Found Lekothrou's Food Shop.
  3282 | D:5      | Reached skill level 6 in Long Blades
  3282 | D:5      | Reached XP level 7. HP: 56/61 MP: 6/8
  3907 | D:5      | Got a transparent robe
  3922 | D:5      | Identified the +2 robe "Kybok" {+Inv rN+++ Dex-5 Stlth-} (You found it on level 5 of the Dungeon)
  4022 | D:6      | Found a hide-covered altar of Uskayaw.
  4026 | D:6      | Noticed a hand axe
  4027 | D:6      | Noticed a dagger
  4027 | D:6      | Noticed Prince Ribbit
  4035 | D:6      | Killed Prince Ribbit
  4035 | D:6      | Reached ** piety under Okawaru
  4035 | D:6      | Reached skill level 7 in Long Blades
  4258 | D:6      | Found a glowing silver altar of Zin.
  4258 | D:6      | Found a basalt altar of Yredelemnul.
  4259 | D:6      | Noticed Edmund
  4301 | D:6      | Reached XP level 8. HP: 50/71 MP: 9/9
  4320 | D:6      | Killed Edmund
  4320 | D:6      | Reached skill level 8 in Long Blades
  4793 | D:6      | Found a runed door.
  4897 | D:6      | Noticed Menkaure
  4905 | D:6      | Killed Menkaure
  5237 | D:6      | Noticed Crazy Yiuf
  5245 | D:6      | Killed Crazy Yiuf
  5288 | D:7      | Reached skill level 9 in Long Blades
  5290 | D:7      | Reached *** piety under Okawaru
  5295 | D:7      | Gained mutation: You are dopey. (Int -2) [mutagenic meat]
  5296 | D:7      | Gained mutation: You can translocate small distances at will. [mutagenic meat]
  5452 | D:7      | Reached XP level 9. HP: 48/79 MP: 10/10
  5701 | D:7      | Reached skill level 10 in Long Blades
  5788 | D:7      | Learned a level 3 spell: Regeneration
  5791 | D:7      | Learned a level 2 spell: Shroud of Golubria
  5873 | D:7      | Gained mutation: You are very dopey. (Int -4) [mutagenic meat]
  5874 | D:7      | Lost mutation: You can translocate small distances at will. [mutagenic meat]
  5911 | D:7      | Found a staircase to the Ecumenical Temple.
  5978 | D:7      | Found a sacrificial altar of Ru.
  6108 | D:8      | Noticed Joseph
  6110 | D:8      | Reached skill level 1 in Charms
  6120 | D:7      | HP: 3/81 [two-headed ogre/giant club (8)]
  6478 | D:7      | Reached skill level 1 in Necromancy
  6510 | D:8      | Killed Joseph
  6510 | D:8      | Reached **** piety under Okawaru
  6630 | D:8      | Found a deep blue altar of Sif Muna.
  6842 | D:8      | Reached skill level 11 in Long Blades
  7129 | D:8      | Reached XP level 10. HP: 58/90 MP: 11/11
  7305 | D:8      | Noticed a three-headed hydra
  7310 | D:8      | Killed a one-headed hydra
  7408 | D:8      | Gained mutation: Scrolls take you a little longer to read. [potion of mutation]
  7408 | D:8      | Gained mutation: You are somewhat resistant to further mutation. [potion of mutation]
  7409 | D:8      | Lost mutation: Scrolls take you a little longer to read. [potion of cure mutation]
  7409 | D:8      | Lost mutation: You are somewhat resistant to further mutation. [potion of cure mutation]
  7410 | D:8      | Lost mutation: You are very dopey. (Int -4) [potion of cure mutation]
  7410 | D:8      | Lost mutation: You are dopey. (Int -2) [potion of cure mutation]
  7538 | D:9      | Found a flagged portal.
  7567 | Bailey   | Entered a bailey
  7587 | Bailey   | Reached ***** piety under Okawaru
  7587 | Bailey   | Reached skill level 12 in Long Blades
  8219 | Bailey   | Noticed Jerry's ghost (novice MiFi)
  8223 | Bailey   | Received a gift from Okawaru
  8254 | Bailey   | Slain by an orc warrior

Skill      XL: |  1  2  3  4  5  6  7  8  9 10 |
---------------+-------------------------------+-----
Fighting       | 4 5 6 7 8 9 |  9.3
Long Blades    | 3 4 5 6 7 9 11 12 | 12.3
Armour         | 4 5 6 7 8 9 |  9.4
Invocations    | 1 2 3 |  3.0
Charms         | 2 3 |  3.0
Necromancy     | 2 3 |  3.1
Dodging        | |  0.9
Shields        | |  3.6

Action                   |  1- 3 |  4- 6 |  7- 9 | 10-12 || total
-------------------------+-------+-------+-------+-------++-------
Melee: Long sword        |    69 |   109 |   280 |    16 ||   474
       Headbutt          |    10 |    32 |    63 |    21 ||   126
       Unarmed           |       |       |    11 |       ||    11
       Falchion          |       |       |       |   103 ||   103
       Punch             |       |       |       |     2 ||     2
Invok: Heroism           |       |       |     5 |     1 ||     6
  Use: Scroll            |       |       |    20 |     3 ||    23
       Potion            |       |       |       |     8 ||     8
 Stab: Sleeping          |       |       |     1 |       ||     1
       Invisible         |       |       |       |    13 ||    13
  Eat: Chunk             |     2 |     6 |    20 |     9 ||    37
Armor: Scale mail        |     8 |       |   127 |    34 ||   169
       Ring mail         |    31 |    45 |    20 |       ||    96
       Robe              |       |       |     1 |       ||     1
Dodge: Dodged            |    32 |    58 |   133 |    56 ||   279
       Rpst.: Long sword |     8 |    15 |    38 |     2 ||    63
       Falchion          |       |       |       |    11 ||    11
